 Dungeon Crawl Stone Soup version 0.23-b1 (webtiles) character file.

Game seed: 736381206099811816

345 Kisielow the Slasher (level 6, 0/52 HPs)
             Began as a Minotaur Fighter on Jan 30, 2019.
             Slain by an ogre
             ... wielding a +0 giant club
              (26 damage)
             ... on level 3 of the Dungeon.
             The game lasted 00:07:14 (3043 turns).

Kisielow the Slasher (Minotaur Fighter)             Turns: 3043, Time: 00:07:14

Health: 0/52       AC:  9    Str: 22    XL:     6   Next: 32%
Magic:  5/5        EV:  7    Int:  3    God:
Gold:   85         SH: 10    Dex: 12    Spells: 5/5 levels left

rFire    . . .     SeeInvis .   a - +0 long sword
rCold    . . .     Gourm    .   c - +0 shield
rNeg     . . .     Faith    .   g - +2 scale mail {rPois}
rPois    +         Spirit   .   (helmet restricted)
rElec    .         Reflect  .   (no cloak)
rCorr    .         Harm     .   (no gloves)
MR       .....                  (no boots)
Stlth    ..........             (no amulet)
HPRegen  0.17/turn              h - +2 ring of dexterity
MPRegen  0.09/turn              u - -2 ring of intelligence (curse)

@: no status effects
A: retaliatory headbutt, horns 2
a: no special abilities


You were on level 3 of the Dungeon.
You were not hungry.

You visited 1 branch of the dungeon, and saw 4 of its levels.
You also visited: Sewer.

You collected 85 gold pieces.

Inventory:

Hand Weapons
 a - a +0 long sword (weapon)
Armour
 c - a +0 shield (worn)
 g - a +2 scale mail of poison resistance (worn)
Jewellery
 d - an uncursed ring of fire
 h - a +2 ring of dexterity (left hand)
 u - a cursed -2 ring of intelligence (right hand)
Wands
 o - a wand of random effects (18)
Scrolls
 e - 3 scrolls of immolation
 s - 2 scrolls of identify
Potions
 i - 3 potions of curing {unknown}
 j - 2 potions of heal wounds {unknown}
 k - 2 potions of haste
 l - a potion of degeneration {unknown}
 m - a potion of magic {unknown}
 n - a potion of invisibility {unknown}
 p - 2 potions of berserk rage {unknown}
 q - a potion of agility
 r - a potion of might
 t - a potion of brilliance {unknown}
 v - a potion of lignification {unknown}
 w - 3 potions of flight {unknown}
Comestibles
 b - 2 chunks of flesh
 f - 6 rations


   Skills:
 + Level 4.2 Fighting
 * Level 7.2 Long Blades
 + Level 4.2 Armour
 + Level 4.1 Shields


You had 5 spell levels left.
You didn't know any spells.
Your spell library was empty.

Dungeon Overview and Level Annotations

Branches:
Dungeon (4/15)
 Temple: D:4-7

Altars:
Yredelemnul
The Shining One


Innate Abilities, Weirdness & Mutations

You reflexively headbutt those who attack you in melee.
You have a pair of horns on your head.


Message History

The ogre barely misses you. The goblin hits you but does no damage.
You hit the ogre.
The ogre is moderately wounded.
The goblin barely misses you.
The ogre hits you with a +0 giant club!!
Ouch! That really hurt!
You are too injured to fight recklessly!
You are too injured to fight recklessly!
You are too injured to fight recklessly!
You are too injured to fight recklessly!
You are too injured to fight recklessly!
You are too injured to fight recklessly!
You block the goblin's attack. The goblin hits you but does no damage.
You hit the ogre.
You headbutt the ogre, but do no damage.
The ogre is heavily wounded.
The ogre hits you with a +0 giant club!!
Ouch! That really hurt!
You die...

...#.##.....§...####...#.#
...............## ##.##.#
####.####....§## ####.#
......# ##...## #.#
####.## ##'## #.# # ###
#.# #.# # #######.# #.# #
#.......######## #.# #
#.####..>.gO@..# #.# #
#.##.......###.# #.#
#####.##.#.>.#.# #.# #.#
.........##.##.###.#####.#
#####.#####.##...........#
#.#####........#######
#.......######## #########


You could see an ogre and a goblin.

Vanquished Creatures
  A big kobold (Sewer)
  Jessica (D:3)
  Natasha (thrice) (D:2)
  7 adders
  A river rat (Sewer)
  2 worms (D:2)
  3 leopard geckos
  2 orcs (D:3)
  11 giant cockroaches
  12 goblins
  7 hobgoblins
  6 jackals
  3 quokkas
  2 ball pythons
  8 bats
  8 frilled lizards
  9 kobolds
  11 rats
97 creatures vanquished.

Notes
Turn   | Place    | Note
-------+----------+-------------------------------------------
     0 | D:1      | Kisielow the Minotaur Fighter began the quest for the Orb.
     0 | D:1      | Reached XP level 1. HP: 19/19 MP: 0/0
    45 | D:1      | Reached skill level 3 in Long Blades
    91 | D:1      | Reached XP level 2. HP: 23/26 MP: 1/1
   271 | D:1      | Reached skill level 4 in Long Blades
   359 | D:1      | Reached XP level 3. HP: 28/31 MP: 2/2
   736 | D:1      | Found a glowing golden altar of the Shining One.
  1051 | D:2      | Found a basalt altar of Yredelemnul.
  1081 | D:2      | Noticed Natasha
  1088 | D:2      | Killed Natasha
  1088 | D:2      | Reached skill level 5 in Long Blades
  1088 | D:2      | Reached XP level 4. HP: 27/39 MP: 3/3
  1132 | D:2      | Noticed Natasha
  1137 | D:2      | Killed Natasha
  1137 | D:2      | Reached skill level 6 in Long Blades
  1163 | D:2      | Noticed Natasha
  1170 | D:2      | Killed Natasha
  1170 | D:2      | Reached XP level 5. HP: 28/45 MP: 4/4
  2068 | D:3      | Noticed Jessica
  2074 | D:3      | Killed Jessica
  2645 | D:3      | Found a glowing drain.
  2658 | D:3      | Reached skill level 7 in Long Blades
  2669 | Sewer    | Entered a sewer
  2675 | Sewer    | Reached XP level 6. HP: 47/52 MP: 5/5
  2786 | Sewer    | Found a glowing silver altar of Zin.
  3043 | D:3      | Slain by an ogre

Skill      XL: |  1  2  3  4  5 |
---------------+----------------+-----
Long Blades    | 3 4 5 6 7 |  7.2
Fighting       | 4 |  4.2
Armour         | 4 |  4.2
Shields        | 4 |  4.1

Action                   |  1- 3 |  4- 6 || total
-------------------------+-------+-------++-------
Melee: Long sword        |    99 |   137 ||   236
       Headbutt          |    17 |    33 ||    50
  Use: Potion            |     1 |       ||     1
       Scroll            |       |     8 ||     8
  Eat: Chunk             |     1 |     6 ||     7
Armor: Scale mail        |    42 |    61 ||   103
Dodge: Dodged            |    22 |    38 ||    60
Block: Shield            |    38 |    69 ||   107
       Rpst.: Long sword |     9 |     8 ||    17
